 Dungeon Crawl Stone Soup version 0.26-b1-32-g5d43845318 (webtiles) character file.

Game seed: 9707531544283247891

103 DildoBatman the Conjurer (level 5, -2/35 HPs)
             Began as a Formicid Conjurer on Jan 5, 2021.
             Slain by a gnoll (3 damage)
             ... on level 4 of the Dungeon.
             The game lasted 00:05:10 (1887 turns).

DildoBatman the Conjurer (Formicid Conjurer)        Turns: 1887, Time: 00:05:10

Health: -2/35      AC:  2    Str: 12    XL:     5   Next: 6%
Magic:  6/8        EV: 12    Int: 18    God:
Gold:   99         SH:  0    Dex:  9    Spells: 2/8 levels left

rFire    . . .     SeeInvis +   b - +0 dagger
rCold    + . .     Faith    .   (no shield)
rNeg     . . .     Spirit   .   a - +0 robe
rPois    .         Reflect  .   (helmet unavailable)
rElec    .         Harm     .   (no cloak)
rCorr    .         Rampage  .   (no gloves)
Will     .....                  (no boots)
Stlth    ++........             (no amulet)
HPRegen  0.11/turn              j - ring of protection from cold
MPRegen  0.11/turn              (no ring)

@: no status effects
A: permanent stasis, dig shafts and tunnels, four strong arms, antennae 3
a: Dig, Shaft Self


You were on level 4 of the Dungeon.
You visited 1 branch of the dungeon, and saw 3 of its levels.

You collected 99 gold pieces.

Inventory:

Hand Weapons
 b - a +0 dagger (weapon)
 i - a +0 spear
Missiles
 c - 14 bolts
 f - 22 stones
Armour
 a - a +0 robe (worn)
 k - a +0 buckler
Jewellery
 j - a ring of protection from cold (left hand)
Scrolls
 d - 2 scrolls of fear {unknown}
 h - a scroll of remove curse {unknown}
Potions
 e - a potion of degeneration {unknown}
 g - a potion of resistance {unknown}


   Skills:
 - Level 1.7 Dodging
 - Level 2.4 Stealth
 - Level 2.1 Spellcasting
 * Level 5.4 Conjurations


You had 2 spell levels left.
You knew the following spells:

 Your Spells              Type           Power        Failure   Level
a - Searing Ray           Conj           42%          2%          2
b - Dazzling Flash        Conj/Hex       22%          17%         3
c - Magic Dart            Conj           84%          1%          1

Your spell library contained the following spells:

 Spells                   Type           Power        Failure   Level
 Fulminant Prism          Conj/Hex       5%           50%         4
 Iskenderun's Mystic Bla  Conj/Tloc      11%          50%         4


Dungeon Overview and Level Annotations

Branches:
Dungeon (2/15)

Altars:


Innate Abilities, Weirdness & Mutations

You cannot be hasted, slowed, berserked, paralysed or teleported.
You can dig through walls and to a lower floor.
Your four strong arms can wield two-handed weapons with a shield.
You have a pair of large antennae on your head. (SInv)


Message History

The gnoll misses you.
An orc comes into view.
The scorpion closely misses you. The gnoll hits you. The orc barely misses you.
The quokka barely misses you. What are your orders? t - Shout!
Orders for allies: a - Attack new target. r - Retreat! s - Stop attacking. g - Guard the area. f - Follow me.
Anything else - Cancel.
You shout for attention!
The orc wizard gestures at itself while chanting.
The orc wizard flickers and vanishes for a moment.
The gnoll misses you. The scorpion barely misses you.
The quokka closely misses you. The gnoll hits you.
You die...

##... .
....##.
.##.[....
.....?.##
#..o.o.#
#...oo. ##
#.s.##...#
#.r@o.#
#g##g.oo#
#g..o..#
.####o...
# ... ..
{.


You could see a scorpion, an orc wizard (invisible), 3 gnolls, 8 orcs and a
quokka.

Vanquished Creatures
  4 gnolls (D:2)
  2 adders (D:2)
  3 worms (D:2)
  4 dart slugs
  2 bats (D:1)
  4 giant cockroaches
  4 goblins
  3 hobgoblins (D:1)
  3 frilled lizards
  2 kobolds
  5 rats (D:1)
36 creatures vanquished.

Notes
Turn   | Place    | Note
-------+----------+-------------------------------------------
     0 | D:1      | DildoBatman the Formicid Conjurer began the quest for the
                  | Orb.
     0 | D:1      | Reached XP level 1. HP: 13/13 MP: 3/3
   136 | D:1      | Reached skill level 4 in Conjurations
   136 | D:1      | Reached XP level 2. HP: 15/19 MP: 0/5
   680 | D:1      | Learned a level 2 spell: Searing Ray
  1044 | D:1      | Reached XP level 3. HP: 24/24 MP: 0/6
  1143 | D:1      | Learned a level 3 spell: Dazzling Flash
  1497 | D:2      | Reached XP level 4. HP: 26/30 MP: 0/7
  1618 | D:2      | Reached skill level 5 in Conjurations
  1867 | D:2      | Reached XP level 5. HP: 35/35 MP: 4/8
  1880 | D:2      | You fall into a shaft and drop 2 floors!
  1886 | D:4      | HP: 1/35 [gnoll (6)]
  1887 | D:4      | Slain by a gnoll

Illustrated notes

Levels and vault maps discovered:
D:1:      ncdulo_lavacross, layout_basic, minmay_misc_feat_chi,
          minmay_pentomino_z2
D:2:      layout_basic
D:4:      layout_cave_pools, lemuel_round_altar, serial_shops,
          nicolae_shop_trees, minmay_vboxes

Skill      XL: |  1  2  3  4 |
---------------+-------------+-----
Conjurations   | 4 5 |  5.4
Dodging        | |  1.7
Stealth        | |  2.4
Spellcasting   | |  2.1

Action                   |  1- 3 |  4- 6 || total
-------------------------+-------+-------++-------
Melee: Unarmed           |     5 |       ||     5
       Dagger            |    11 |     8 ||    19
 Cast: Magic Dart        |    39 |    10 ||    49
       Searing Ray       |     5 |     5 ||    10
 Abil: Dig               |     2 |     2 ||     4
       Shaft Self        |       |     1 ||     1
Armor: Robe              |     1 |     1 ||     2
Dodge: Dodged            |    27 |    20 ||    47
